 Dungeon Crawl Stone Soup version 0.31-a0-152-g6aa68a64a1 (webtiles) character file.

Game seed: 4424346501229436968

1537 qw the Skirmisher (level 8, -1/69 (75) HPs)
             Began as a Naga Hunter on June 10, 2023.
             Was a Follower of Okawaru.
             Slain by a wight
             ... wielding a +3 morningstar
              (2 damage)
             ... on level 8 of the Dungeon.
             The game lasted 00:02:10 (5812 turns).

qw the Skirmisher (Naga Hunter)                     Turns: 5812, Time: 00:02:11

HP:   -1/69 (75)    AC: 17    Str: 13    XL:     8   Next: 86%
MP:   9/10          EV: 11    Int: 10    God:    Okawaru [*.....]
Gold: 0             SH:  0    Dex: 17    Spells: 7/7 levels left

rFire   + . .        Y - +0 orcbow
rCold   . . .        (shield currently unavailable)
rNeg    . . .        m - +2 leather armour {rF+}
rPois   +            b - +1 hat
rElec   .            f - scarf {repulsion}
rCorr   .            (no gloves)
SInv    +            i - +0 barding
Will    +....        (no amulet)
Stlth   +++          l - +4 ring of protection
HPRegen 0.31/turn    (no ring)
MPRegen 0.12/turn

%: repel missiles
@: about to teleport, heroic, marked, drained, very slow
A: AC +2, large, see invisible, deformed body, poison resistance, slowness 2,
spit poison 1, naga tail 1
a: Spit Poison, Renounce Religion, Heroism


You were on level 8 of the Dungeon.
You worshipped Okawaru.
Okawaru was aware of your devotion.
You visited 2 branches of the dungeon, and saw 9 of its levels.

You collected 298 gold pieces.
You spent 298 gold pieces at shops.


Innate Abilities, Weirdness & Mutations

Your serpentine skin is tough. (AC +2)
You have supernaturally acute eyesight. (SInv)
Armour fits poorly on your strangely shaped body.
Your system is resistant to poisons. (rPois)
You cover ground very slowly.
You can spit poison.
You have a snake-like lower body.


   Skills:
 - Level 5.4(10.4) Fighting
 + Level 8.6(13.6) Ranged Weapons
 - Level 1.0(6.0) Armour
 - Level 2.0(7.0) Dodging
 - Level 1.5(6.5) Stealth
 + Level 3.5 Invocations


You had 7 spell levels left.
You didn't know any spells.
Your spell library was empty.

Inventory:

Hand Weapons
 Y - a +0 orcbow (weapon)
Armour
 b - a +1 hat (worn)
 f - a scarf of repulsion (worn)
 i - a +0 barding (worn)
 j - a +2 cloak
 m - a +2 leather armour of fire resistance (worn)
Jewellery
 a - a ring of ice
 l - a +4 ring of protection (left hand)
Scrolls
 d - 4 scrolls of identify
 h - a scroll of teleportation
Potions
 k - a potion of curing

Dungeon Overview and Level Annotations

Branches:
Dungeon (9/15)             Temple (1/1) D:5
   Lair: D:8-11         Orc: D:9-12

Altars:
Ashenzari
Cheibriados
Dithmenos
Elyvilon
Fedhas
Gozag
Hepliaklqana
Kikubaaqudgha
Makhleb
Nemelex Xobeh
Okawaru
Qazlal
Ru
Sif Muna
Uskayaw
Vehumet
Wu Jian
Xom
Yredelemnul
Zin
The Shining One

Shops:
D:1 ?   D:3 *   D:5 *


Message History

The wight hits you but does no damage. x2; The wight misses you.
The wight hits you with a +3 morningstar.
The black bear bites you.
The black bear claws you but does no damage. x2
The orc priest barely misses you.
The water moccasin bites you but does no damage.
5810 ||| DRINKING potion of heal wounds.
You feel much better. The water moccasin bites you.
An orc comes into view. It is wielding a +0 mace.
The wight closely misses you. The wight misses you.
The wight hits you from afar with a +4 trident.
The black bear bites you but does no damage.
The black bear claws you but does no damage.
The black bear misses you.
A centaur comes into view.
The wight hits you with a +3 morningstar.
You feel drained. The orc priest misses you.
You shoot an arrow.
The arrow closely misses the orc priest.
The arrow closely misses the orc wizard.
The arrow hits the orc.
The orc is almost dead.
The water moccasin bites you but does no damage.
The wight barely misses you.
The wight hits you but does no damage. x2
The black bear barely misses you.
The black bear claws you but does no damage. x2
The wight hits you with a +3 morningstar.
You feel drained. The orc priest completely misses you.
A bullfrog comes into view.
You shoot an arrow. The arrow hits the orc priest!
You kill the orc priest!
Okawaru accepts your kill.
You have got your breath back.
The water moccasin bites you.
The centaur wields a +0 orcbow.
The centaur shoots an arrow.
The arrow barely misses you.
The arrow hits the black bear!
The wight hits you with a +3 morningstar.
You feel drained.
You die... ... ..... ##.# ..... .#.##..%.. ..#...... # oo..?....

#.# ##ooz.F. ....
##z)hz##..
#..#>z@#....#
..##.#....S.....#
#....###c#####..#
#....## #.....##
#....##.>..# #.##
#....# #.....#
##....#


You could see a water moccasin, a black bear, a bullfrog, a centaur, 4 wights,
an orc wizard (invisible) and 3 orcs.

Vanquished Creatures
  A steam dragon (D:6)
  2 water moccasins (D:6)
  3 black bears
  An ogre (D:5)
  A bullfrog (D:6)
  A scorpion (D:5)
  A wight (D:8)
  4 howler monkeys
  A jelly (D:6)
  4 orc priests
  3 hounds
  A sleepcap (D:6)
  Natasha (twice) (D:3)
  2 orc wizards (D:4)
  4 adders
  2 river rats (D:5)
  A shadow imp (D:6)
  2 dart slugs
  A worm (D:2)
  22 orcs
  6 bats
  2 endoplasms
  5 giant cockroaches
  5 hobgoblins
  14 jackals
  5 kobolds
  3 quokkas
  11 ball pythons
  4 frilled lizards
  7 goblins
  5 rats
126 creatures vanquished.

Notes
Turn   | Place    | Note
-------+----------+-------------------------------------------
     0 | D:1      | qw the Naga Hunter began the quest for the Orb.
     0 | D:1      | Reached XP level 1. HP: 19/19 MP: 1/1
     0 | D:1      | 0 ||| qw: Version: 0.2-a-123-gb51047a
     0 | D:1      | 0 ||| qw: Game counter: 3740
     0 | D:1      | 0 ||| qw: Always use a shield: true
     0 | D:1      | 0 ||| qw: God list: Okawaru
     0 | D:1      | 0 ||| qw: Allow faded altars: false
     0 | D:1      | 0 ||| qw: Do Orc after D:15 true
     0 | D:1      | 0 ||| qw: Do second Lair branch before Depths: true
     0 | D:1      | 0 ||| qw: Lair rune preference: random
     0 | D:1      | 0 ||| qw: Plans: Normal
     0 | D:1      | 0 ||| PLANNING D:1-11
    30 | D:1      | 30 ||| INVOKING Spit Poison.
    33 | D:1      | 33 ||| INVOKING Spit Poison.
    87 | D:1      | 87 ||| INVOKING Spit Poison.
   111 | D:1      | 111 ||| INVOKING Spit Poison.
   116 | D:1      | 116 ||| INVOKING Spit Poison.
   117 | D:1      | Reached skill level 4 in Ranged Weapons
   117 | D:1      | Reached XP level 2. HP: 20/26 MP: 2/2
   122 | D:1      | 122 ||| INVOKING Spit Poison.
   127 | D:1      | 127 ||| INVOKING Spit Poison.
   198 | D:1      | 198 ||| INVOKING Spit Poison.
   204 | D:1      | 204 ||| INVOKING Spit Poison.
   208 | D:1      | 208 ||| INVOKING Spit Poison.
   214 | D:1      | 214 ||| INVOKING Spit Poison.
   218 | D:1      | 218 ||| INVOKING Spit Poison.
   290 | D:1      | 290 ||| INVOKING Spit Poison.
   295 | D:1      | 295 ||| INVOKING Spit Poison.
   444 | D:1      | 444 ||| INVOKING Spit Poison.
   453 | D:1      | 453 ||| INVOKING Spit Poison.
   509 | D:1      | 509 ||| INVOKING Spit Poison.
   562 | D:1      | 562 ||| INVOKING Spit Poison.
   671 | D:1      | 671 ||| INVOKING Spit Poison.
   672 | D:1      | Reached XP level 3. HP: 32/32 MP: 3/3
   777 | D:1      | 777 ||| INVOKING Spit Poison.
   783 | D:1      | 783 ||| INVOKING Spit Poison.
   796 | D:1      | 796 ||| INVOKING Spit Poison.
   813 | D:1      | Found Eghem's Magic Scroll Shop.
   821 | D:1      | 821 ||| SHOPLISTING scroll of enchant armour (90 gold, have
                  | 34).
   821 | D:1      | 821 ||| SHOPLISTING scroll of enchant weapon (90 gold, have
                  | 34).
   821 | D:1      | 821 ||| BUYING scroll of identify (24 gold).
   821 | D:1      | Bought a scroll of identify for 24 gold pieces
   821 | D:1      | 821 ||| SHOPLISTING scroll of identify (24 gold, have 10).
   984 | D:1      | 984 ||| INVOKING Spit Poison.
  1085 | D:1      | Found a shimmering altar of Xom.
  1093 | D:1      | 1093 ||| UPGRADING to +0 cloak.
  1098 | D:1      | 1098 ||| DROPPING scroll of butterflies.
  1116 | D:2      | 1116 ||| INVOKING Spit Poison.
  1155 | D:2      | 1155 ||| INVOKING Spit Poison.
  1177 | D:2      | 1177 ||| INVOKING Spit Poison.
  1242 | D:2      | 1242 ||| INVOKING Spit Poison.
  1247 | D:2      | 1247 ||| INVOKING Spit Poison.
  1250 | D:2      | 1250 ||| INVOKING Spit Poison.
  1256 | D:2      | 1256 ||| INVOKING Spit Poison.
  1259 | D:2      | 1259 ||| INVOKING Spit Poison.
  1341 | D:2      | 1341 ||| INVOKING Spit Poison.
  1416 | D:2      | 1416 ||| INVOKING Spit Poison.
  1480 | D:2      | 1480 ||| INVOKING Spit Poison.
  1497 | D:2      | 1497 ||| INVOKING Spit Poison.
  1522 | D:2      | 1522 ||| INVOKING Spit Poison.
  1664 | D:2      | 1664 ||| INVOKING Spit Poison.
  1691 | D:2      | 1691 ||| INVOKING Spit Poison.
  1697 | D:2      | 1697 ||| INVOKING Spit Poison.
  1699 | D:2      | Reached skill level 5 in Ranged Weapons
  1699 | D:2      | Reached XP level 4. HP: 39/39 MP: 4/4
  1747 | D:2      | 1747 ||| UPGRADING to scarf of repulsion.
  1757 | D:2      | 1757 ||| READING scroll labelled DEXION UDUTIZ.
  1758 | D:2      | 1758 ||| READING scroll labelled HUXYGAL CUKLUM.
  1759 | D:2      | 1759 ||| READING scroll labelled MUDIASK NA DOSSI.
  1760 | D:2      | 1760 ||| READING scroll labelled XIPIELIHI.
  1894 | D:3      | 1894 ||| INVOKING Spit Poison.
  1961 | D:3      | 1961 ||| INVOKING Spit Poison.
  1966 | D:3      | 1966 ||| INVOKING Spit Poison.
  1979 | D:3      | Found Ceottoeh's General Store.
  1986 | D:3      | 1986 ||| INVOKING Spit Poison.
  1990 | D:3      | 1990 ||| SHOPLISTING scroll of acquirement (624 gold, have
                  | 118).
  1990 | D:3      | 1990 ||| BUYING scroll of identify (24 gold).
  1990 | D:3      | Bought a scroll of identify for 24 gold pieces
  1992 | D:3      | 1992 ||| INVOKING Spit Poison.
  2001 | D:3      | 2001 ||| INVOKING Spit Poison.
  2045 | D:3      | 2045 ||| INVOKING Spit Poison.
  2048 | D:3      | 2048 ||| INVOKING Spit Poison.
  2170 | D:3      | 2170 ||| INVOKING Spit Poison.
  2196 | D:3      | 2196 ||| INVOKING Spit Poison.
  2214 | D:3      | 2214 ||| INVOKING Spit Poison.
  2246 | D:3      | 2246 ||| INVOKING Spit Poison.
  2264 | D:3      | 2264 ||| INVOKING Spit Poison.
  2266 | D:3      | 2266 ||| INVOKING Spit Poison.
  2305 | D:3      | 2305 ||| INVOKING Spit Poison.
  2307 | D:3      | Noticed Natasha
  2309 | D:3      | 2309 ||| INVOKING Spit Poison.
  2311 | D:3      | Killed Natasha
  2312 | D:3      | Reached skill level 3 in Fighting
  2312 | D:3      | Reached XP level 5. HP: 38/49 MP: 5/5
  2419 | D:3      | Noticed Natasha
  2515 | D:3      | 2515 ||| UPGRADING to +1 hat.
  2520 | D:3      | 2520 ||| READING scroll labelled UZXEDUSAUB.
  2521 | D:3      | 2521 ||| READING 2 scrolls labelled HETYZ AQIO.
  2525 | D:3      | 2525 ||| DRINKING 2 dark potions.
  2526 | D:3      | 2526 ||| DROPPING potion of enlightenment.
  2532 | D:3      | 2532 ||| INVOKING Spit Poison.
  2533 | D:3      | Killed Natasha
  2563 | D:4      | 2563 ||| INVOKING Spit Poison.
  2600 | D:4      | 2600 ||| INVOKING Spit Poison.
  2642 | D:4      | 2642 ||| READING scroll of enchant weapon.
  2642 | D:4      | 2642 ||| ENCHANTING +1 shortbow.
  2723 | D:4      | 2723 ||| INVOKING Spit Poison.
  2740 | D:4      | 2740 ||| INVOKING Spit Poison.
  2742 | D:4      | 2742 ||| Stepping ~*~*~tactically~*~*~ (outnumbered).
  2744 | D:4      | 2744 ||| INVOKING Spit Poison.
  2749 | D:4      | 2749 ||| INVOKING Spit Poison.
  2752 | D:4      | 2752 ||| INVOKING Spit Poison.
  2755 | D:4      | 2755 ||| INVOKING Spit Poison.
  3006 | D:4      | 3006 ||| INVOKING Spit Poison.
  3424 | D:4      | 3424 ||| UPGRADING to +0 barding.
  3429 | D:4      | 3429 ||| DRINKING 2 clear potions.
  3430 | D:4      | 3430 ||| READING 5 scrolls of identify.
  3430 | D:4      | 3430 ||| IDENTIFYING fuming emerald potion
  3431 | D:4      | 3431 ||| DROPPING potion of attraction.
  3464 | D:5      | Entered Level 5 of the Dungeon
  3465 | D:5      | 3465 ||| PLANNING SEWER
  3465 | D:5      | 3465 ||| INVOKING Spit Poison.
  3466 | D:5      | 3466 ||| STAIRDANCE
  3493 | D:5      | 3493 ||| INVOKING Spit Poison.
  3495 | D:5      | 3495 ||| STAIRDANCE
  3497 | D:4      | 3497 ||| INVOKING Spit Poison.
  3500 | D:4      | 3500 ||| INVOKING Spit Poison.
  3504 | D:4      | HP: 11/49 [orc wizard/magic dart (5)]
  3505 | D:4      | 3505 ||| DRINKING potion of heal wounds.
  3508 | D:4      | 3508 ||| INVOKING Spit Poison.
  3513 | D:4      | Reached skill level 1 in Armour
  3513 | D:4      | Reached XP level 6. HP: 24/56 MP: 6/6
  3515 | D:4      | 3515 ||| INVOKING Spit Poison.
  3665 | D:5      | Found a staircase to the Ecumenical Temple.
  3674 | D:5      | 3674 ||| SWAPPING to +0 orcbow.
  3677 | D:5      | 3677 ||| INVOKING Spit Poison.
  3681 | D:5      | 3681 ||| DROPPING +2 shortbow.
  3818 | D:5      | 3818 ||| INVOKING Spit Poison.
  3823 | D:5      | 3823 ||| INVOKING Spit Poison.
  3829 | D:5      | 3829 ||| INVOKING Spit Poison.
  3830 | D:5      | HP: 13/56 [hound (5)]
  3831 | D:5      | Reached skill level 6 in Ranged Weapons
  3831 | D:5      | 3831 ||| READING 2 scrolls of teleportation.
  3850 | D:5      | 3850 ||| FLEEEEING.
  3851 | D:5      | 3851 ||| FLEEEEING.
  3852 | D:5      | 3852 ||| FLEEEEING.
  3853 | D:5      | 3853 ||| FLEEEEING.
  3854 | D:5      | 3854 ||| FLEEEEING.
  3855 | D:5      | 3855 ||| STAIRDANCE
  3975 | D:4      | 3975 ||| READING scroll labelled KAOMMU EZEMAO.
  3976 | D:4      | 3976 ||| DRINKING 2 ruby potions.
  3977 | D:4      | 3977 ||| DROPPING potion of magic.
  3980 | D:5      | 3980 ||| STAIRDANCE
  3982 | D:4      | 3982 ||| INVOKING Spit Poison.
  3988 | D:4      | 3988 ||| INVOKING Spit Poison.
  4077 | D:5      | 4077 ||| RIP SEWER
  4078 | D:5      | 4078 ||| PLANNING TEMPLE
  4078 | D:5      | 4078 ||| STAIRDANCE
  4106 | Temple   | Entered the Ecumenical Temple
  4115 | Temple   | 4115 ||| PLANNING OKAWARU WORSHIP
  4341 | Temple   | Became a worshipper of Warmaster Okawaru
  4341 | Temple   | 4341 ||| PLANNING D:1-11
  4361 | D:5      | 4361 ||| INVOKING Spit Poison.
  4372 | D:5      | 4372 ||| INVOKING Spit Poison.
  4376 | D:5      | 4376 ||| INVOKING Spit Poison.
  4444 | D:5      | 4444 ||| INVOKING Spit Poison.
  4448 | D:5      | 4448 ||| INVOKING Spit Poison.
  4454 | D:5      | 4454 ||| INVOKING Spit Poison.
  4460 | D:5      | 4460 ||| INVOKING Spit Poison.
  4461 | D:5      | Reached XP level 7. HP: 52/64 MP: 7/7
  4463 | D:5      | 4463 ||| INVOKING Spit Poison.
  4509 | D:5      | 4509 ||| INVOKING Spit Poison.
  4513 | D:5      | 4513 ||| INVOKING Spit Poison.
  4518 | D:5      | 4518 ||| INVOKING Spit Poison.
  4524 | D:5      | 4524 ||| INVOKING Spit Poison.
  4599 | D:5      | Found Mulaz's Assorted Antiques.
  4604 | D:5      | 4604 ||| BUYING bone ring (125 gold).
  4604 | D:5      | Bought a bone ring for 125 gold pieces
  4604 | D:5      | 4604 ||| BUYING runed leather armour (125 gold).
  4604 | D:5      | Bought a runed leather armour for 125 gold pieces
  4604 | D:5      | 4604 ||| SHOPLISTING shiny helmet (187 gold, have 0).
  4604 | D:5      | 4604 ||| SHOPLISTING yellow potion (22 gold, have 0).
  4626 | D:5      | 4626 ||| INVOKING Spit Poison.
  4657 | D:5      | 4657 ||| INVOKING Spit Poison.
  4663 | D:5      | 4663 ||| INVOKING Spit Poison.
  4668 | D:5      | 4668 ||| INVOKING Spit Poison.
  4751 | D:5      | 4751 ||| INVOKING Spit Poison.
  4757 | D:5      | 4757 ||| INVOKING Spit Poison.
  4758 | D:5      | 4758 ||| INVOKING Spit Poison.
  4888 | D:5      | 4888 ||| DROPPING +0 cloak.
  4889 | D:5      | 4889 ||| UPGRADING to +2 leather armour of fire resistance.
  4899 | D:5      | 4899 ||| DROPPING +0 leather armour.
  4900 | D:5      | 4900 ||| UPGRADING to +4 ring of protection.
  4901 | D:5      | 4901 ||| DRINKING 2 yellow potions.
  4944 | D:6      | 4944 ||| INVOKING Spit Poison.
  5032 | D:6      | Reached skill level 7 in Ranged Weapons
  5054 | D:6      | 5054 ||| INVOKING Spit Poison.
  5055 | D:6      | 5055 ||| Stepping ~*~*~tactically~*~*~ (outnumbered).
  5061 | D:6      | 5061 ||| INVOKING Spit Poison.
  5064 | D:6      | 5064 ||| INVOKING Spit Poison.
  5068 | D:6      | 5068 ||| INVOKING Spit Poison.
  5072 | D:6      | 5072 ||| INVOKING Spit Poison.
  5076 | D:6      | 5076 ||| INVOKING Spit Poison.
  5083 | D:6      | 5083 ||| INVOKING Spit Poison.
  5086 | D:6      | Reached * piety under Okawaru
  5269 | D:6      | 5269 ||| INVOKING Heroism.
  5276 | D:6      | Reached XP level 8. HP: 35/72 MP: 5/8
  5303 | D:6      | 5303 ||| INVOKING Heroism.
  5304 | D:6      | 5304 ||| INVOKING Spit Poison.
  5307 | D:6      | Reached skill level 8 in Ranged Weapons
  5407 | D:6      | 5407 ||| INVOKING Spit Poison.
  5410 | D:6      | 5410 ||| INVOKING Spit Poison.
  5461 | D:6      | 5461 ||| INVOKING Spit Poison.
  5505 | D:6      | 5505 ||| INVOKING Heroism.
  5515 | D:6      | 5515 ||| INVOKING Spit Poison.
  5520 | D:6      | 5520 ||| INVOKING Spit Poison.
  5524 | D:6      | 5524 ||| INVOKING Heroism.
  5526 | D:6      | 5526 ||| INVOKING Spit Poison.
  5527 | D:6      | Reached skill level 1 in Invocations
  5738 | D:6      | 5738 ||| INVOKING Heroism.
  5741 | D:6      | 5741 ||| INVOKING Spit Poison.
  5770 | D:6      | You fall into a shaft and drop 3 floors!
  5771 | D:9      | 5771 ||| READING 5 scrolls of identify.
  5771 | D:9      | 5771 ||| IDENTIFYING green potion
  5772 | D:9      | 5772 ||| DROPPING potion of lignification.
  5788 | D:8      | 5788 ||| INVOKING Spit Poison.
  5794 | D:8      | Reached skill level 3 in Invocations
  5795 | D:8      | 5795 ||| INVOKING Spit Poison.
  5798 | D:8      | 5798 ||| INVOKING Heroism.
  5802 | D:8      | 5802 ||| INVOKING Spit Poison.
  5807 | D:8      | 5807 ||| INVOKING Spit Poison.
  5808 | D:8      | HP: 16/74 [orc priest/nerve-wracking pain (6)]
  5809 | D:8      | 5809 ||| READING 2 scrolls of teleportation.
  5809 | D:8      | HP: 4/74 [black bear (6)]
  5810 | D:8      | 5810 ||| DRINKING potion of heal wounds.
  5812 | D:8      | HP: 1/71 [wight/+3 morningstar (5)]
  5812 | D:8      | Slain by a wight

Levels and vault maps discovered:
D:1:      dpeg_arrival_water_altar, layout_loops_corners, serial_forest,
          infiniplex_forest_end_double, infiniplex_forest_end_2,
          infiniplex_forest_clump_tiny, infiniplex_forest_straight_2,
          infiniplex_forest_lined_room_, infiniplex_forest_diagonal,
          serial_shops, shop
D:2:      layout_basic, minmay_misc_feat_square, dreamdust_mushroom_princess
D:3:      layout_loops_cross, serial_shops, nicolae_square_shop, uniq_natasha
D:4:      layout_basic, hangedman_decor_slide_cut
D:5:      layout_rooms, minmay_temple_entry_large_hall, portal_sewer_entry_b,
          serial_shops, shop
D:6:      layout_loops_cross, trog_ov_bears_minmay, uniq_duvessa
D:8:      layout_rooms, due_lair_maze_entry_diamond, nicolae_eternal_life
D:9:      minmay_the_grid_triangle_9x9_recursive_2
          [minmay_the_grid_triangle_9x9_prize_insulated,
          minmay_the_grid_triangle_9x9_alien,
          minmay_the_grid_triangle_9x9_shrine,
          minmay_the_grid_triangle_9x9_tough_junction], layout_small_grid,
          enter_bailey_7
Temple:   mainiacjoe_temple_hex_bubbles

Skill      XL: |  1  2  3  4  5  6  7  8 |
---------------+-------------------------+-----
Ranged Weapons | 4 5 6 7 8 |  8.6
Fighting       | 3 4 5 |  5.4
Armour         | 1 |  1.0
Dodging        | 2 |  2.0
Invocations    | 3 |  3.5
Stealth        | |  1.5

Action                     |  1- 3 |  4- 6 |  7- 9 || total
---------------------------+-------+-------+-------++-------
   Fire: Shortbow          |    91 |    67 |       ||   158
         Orcbow            |       |    46 |   167 ||   213
 Invoke: Heroism           |       |       |     6 ||     6
Ability: Spit Poison       |    39 |    44 |    31 ||   114
    Use: Scroll            |       |    10 |     2 ||    12
         Potion            |       |     4 |     2 ||     6
 Armour: Leather armour    |    28 |    55 |   132 ||   215
  Dodge: Dodged            |    56 |    53 |    98 ||   207

Table legend:
 A = Non-vault XP
 B = Vault XP
 C = Vault XP percentage of total XP
 D = Non-vault monster count
 E = Vault monster count
 F = Vault count percentage of total count
                 A         B        C        D         E       F
            +---------+---------+-------+---------+---------+-------
      Total |    1922 |     317 |  14.2 |     116 |      10 |   7.9
            +---------+---------+-------+---------+---------+-------
        D:1 |      44 |       0 |   0.0 |      26 |       0 |   0.0
        D:2 |      38 |       0 |   0.0 |      22 |       0 |   0.0
        D:3 |      86 |      36 |  29.5 |      15 |       1 |   6.2
        D:4 |     153 |       0 |   0.0 |      17 |       0 |   0.0
        D:5 |     452 |      34 |   7.0 |      16 |       7 |  30.4
        D:6 |     874 |     247 |  22.0 |      15 |       2 |  11.8
        D:8 |     275 |       0 |   0.0 |       5 |       0 |   0.0
            +---------+---------+-------+---------+---------+-------
